 Dungeon Crawl Stone Soup version 0.21.1-1-g345015fe64 (webtiles) character file.

153 Hat the Chopper (level 5, 0/46 HPs)
             Began as a Deep Dwarf Berserker on Feb 27, 2018.
             Was a Believer of Trog.
             Succumbed to a worker ant's poison
             ... on level 4 of the Dungeon.
             The game lasted 00:12:07 (2362 turns).

Hat the Chopper (Deep Dwarf Berserker)              Turns: 2362, Time: 00:12:08

Health: 0/46       AC:  9    Str: 22    XL:     5   Next: 12%
Magic:  5/5        EV:  8    Int:  7    God:    Trog [**....]
Gold:   209        SH:  0    Dex: 12    Spells: 4/4 levels left

rFire    . . .     SeeInvis .   a - +0 hand axe
rCold    . . .     Gourm    .   (no shield)
rNeg     . . .     Faith    .   e - +0 chain mail
rPois    .         Spirit   .   (no helmet)
rElec    .         Reflect  .   (no cloak)
rCorr    .         Harm     .   (no gloves)
MR       ++...                  o - +0 pair of boots
Stlth    ..........             b - amulet of rage
HPRegen  1.00/turn              (no ring)
MPRegen  0.09/turn              (no ring)

@: lethally poisoned (0 -> -5), non-regenerating
A: damage resistance, heal wounds, sense surroundings 1, no regeneration
a: Heal Wounds, Berserk, Trog's Hand, Burn Spellbooks, Renounce Religion, Evoke
Berserk Rage


You were on level 4 of the Dungeon.
You worshipped Trog.
Trog was pleased with you.
You were hungry.

You visited 1 branch of the dungeon, and saw 4 of its levels.

You collected 209 gold pieces.

Inventory:

Hand Weapons
 a - a +0 hand axe (weapon)
Armour
 e - a +0 chain mail (worn)
 o - a +0 pair of boots (worn)
Jewellery
 b - an amulet of rage (around neck)
 g - an uncursed amulet of magic regeneration
Scrolls
 d - a scroll of immolation {unknown}
 k - 4 scrolls of teleportation
 l - a scroll of remove curse
Potions
 f - a potion of haste {unknown}
 h - a potion of curing {unknown}
 n - a potion of heal wounds {unknown}
Comestibles
 c - 6 rations


   Skills:
 - Level 2.6 Fighting
 * Level 6.4 Axes
 - Level 2.1 Armour
 - Level 2.1 Dodging


You had 4 spell levels left.
You didn't know any spells.

Dungeon Overview and Level Annotations

Branches:
Dungeon (4/15)
 Temple: D:4-7

Altars:
Qazlal


Innate Abilities, Weirdness & Mutations

You are resistant to damage.
You can heal yourself by infusing magical energy.
You passively map a small area around you.
You do not regenerate.


Message History

The worker ant is almost dead.
* * * LOW HITPOINT WARNING * * *
You feel sick. The worker ant bites you.
You are more poisoned.
The worker ant poisons you!
You closely miss the worker ant.
The worker ant is almost dead.
* * * LOW HITPOINT WARNING * * *
You feel very sick.
The worker ant bites you but does no damage.
You hit the worker ant.
You kill the worker ant!
Trog accepts your kill.
You have reached level 5!
* * * LOW HITPOINT WARNING * * *
You feel sick.
Your skin crawls.
You feel resistant to hostile enchantments.
You are feeling hungry.
You die...

.........................
* ,
...............!.........
*
...........[.............
*,
.........................
#..####..................
#..# *#...............#**
##.## ##...#####......# *
#..# #...# ##†.....#
#..## #...# #@†###..# *
##..# #...# #..## * ..#
#..####..###[..# .# *
##....#...#....##
*#...........$.#
..............##
.............## ,*
####........##
###.......# , *


There were no monsters in sight!

Vanquished Creatures
  2 worker ants (D:4)
  5 adders
  An ooze (D:1)
  A worm (D:2)
  3 dart slugs
  A leopard gecko (D:1)
  2 orcs (D:3)
  A ball python (D:3)
  A giant cockroach (D:3)
  5 goblins
  4 hobgoblins
  2 quokkas (D:2)
  4 bats
  A frilled lizard (D:3)
  12 kobolds
  6 rats
51 creatures vanquished.

Notes
Turn   | Place    | Note
-------+----------+-------------------------------------------
     0 | D:1      | Hat the Deep Dwarf Berserker began the quest for the Orb.
     0 | D:1      | Reached XP level 1. HP: 20/20 MP: 1/1
   194 | D:1      | Reached XP level 2. HP: 27/27 MP: 2/2
   219 | D:1      | Reached skill level 4 in Axes
   837 | D:2      | Reached XP level 3. HP: 28/33 MP: 3/3
  1020 | D:3      | Reached ** piety under Trog
  1068 | D:3      | Reached skill level 5 in Axes
  1224 | D:3      | Found a stormy altar of Qazlal.
  1226 | D:3      | Noticed an air elemental
  1226 | D:3      | Noticed a fire elemental
  1227 | D:3      | Noticed an earth elemental
  1227 | D:3      | Noticed a water elemental
  1417 | D:2      | Reached XP level 4. HP: 14/40 MP: 4/4
  2283 | D:4      | Reached skill level 6 in Axes
  2361 | D:4      | Reached XP level 5. HP: 4/46 MP: 5/5
  2361 | D:4      | HP: 2/46 [poisoned by a worker ant]
  2362 | D:4      | Succumbed to a worker ant's poison

Skill      XL: |  1  2  3  4 |
---------------+-------------+-----
Axes           | 4 5 6 |  6.4
Fighting       | |  2.6
Armour         | |  2.1
Dodging        | |  2.1

Action                   |  1- 3 |  4- 6 || total
-------------------------+-------+-------++-------
Melee: Hand axe          |   156 |    52 ||   208
Invok: Trog's Hand       |       |     2 ||     2
  Use: Scroll            |     1 |     4 ||     5
  Eat: Chunk             |     2 |     3 ||     5
Armor: Chain mail        |    76 |    26 ||   102
Dodge: Dodged            |    64 |    26 ||    90
